 Dungeon Crawl Stone Soup version 0.30-a0-23-ge60ba3568b (webtiles) character file.

Game seed: 17033987665539932630

4375 nucleargodhead the Spear-Bearer (level 10, -8/133 HPs)
             Began as a Merfolk Berserker on Aug 24, 2022.
             Was a Priest of Trog.
             Mangled by an orc knight
             ... wielding a +0 trident
              (24 damage)
             ... in a bailey.
             The game lasted 00:18:39 (9031 turns).

nucleargodhead the Spear-Bearer (Merfolk Berserker) Turns: 9031, Time: 00:18:40

Health: -8/133     AC: 12    Str: 22    XL:     10   Next: 34%
Magic:  10/10      EV:  8    Int:  6    God:    Trog [***...]
Gold:   634        SH:  0    Dex: 14    Spells: 9/9 levels left

rFire   . . .      SeeInvis .    i - +0 glaive
rCold   . . .      Faith    .    (shield currently unavailable)
rNeg    . . .      Spirit   .    k - +0 chain mail
rPois   .          Reflect  .    B - +2 hat
rElec   .          Harm     .    (no cloak)
rCorr   .          Rampage  .    e - +0 pair of gloves
Will    .....                    g - +0 pair of boots
Stlth   ..........               (no amulet)
HPRegen 0.32/turn                (no ring)
MPRegen 0.12/turn                (no ring)

@: berserking, very quick
A: (nimble swimmer 2), mertail
a: Renounce Religion, Berserk, Trog's Hand


You were in a bailey.
You worshipped Trog.
Trog was most pleased with you.
You visited 1 branch of the dungeon, and saw 8 of its levels.
You also visited: Bailey.

You collected 650 gold pieces.
You spent 16 gold pieces at shops.

Inventory:

Hand Weapons
 a - a +0 spear
 f - a +0 trident
 i - a +0 glaive (weapon)
 C - a +0 halberd
Missiles
 q - 2 throwing nets (quivered)
Armour
 e - a +0 pair of gloves (worn)
 g - a +0 pair of boots (worn)
 j - a +0 kite shield
 k - a +0 chain mail (worn)
 v - a +0 plate armour
 B - a +2 hat (worn)
 H - a +3 leather armour of fire resistance
Jewellery
 c - a ring of ice
Wands
 y - a wand of roots (7)
Scrolls
 b - a scroll of blinking
 h - 3 scrolls of teleportation
 m - a scroll of enchant weapon {unknown}
 n - a scroll of poison {unknown}
 r - 3 scrolls of amnesia
 w - a scroll of noise {unknown}
 A - a scroll of immolation {unknown}
 D - 4 scrolls of fear
 F - a scroll of silence {unknown}
 G - a scroll of enchant armour {unknown}
Potions
 d - 3 potions of flight
 l - a potion of lignification {unknown}
 o - a potion of might {unknown}
 p - a potion of cancellation {unknown}
 s - 2 potions of invisibility {unknown}
 t - a potion of curing
 u - 3 potions of attraction
 x - a potion of heal wounds {unknown}
 z - a potion of resistance {unknown}
 E - a potion of magic {unknown}
 I - a potion of brilliance {unknown}


   Skills:
 + Level 11.9 Fighting
 + Level 14.0 Polearms
 - Level 1.3 Armour
 - Level 2.6 Dodging


You had 9 spell levels left.
You didn't know any spells.
Your spell library was empty.

Dungeon Overview and Level Annotations

Branches:
Dungeon (8/15)             Temple (0/1) D:6            Lair (0/5) D:8
 Bailey (1/1)

Altars:
Gozag
Hepliaklqana
Sif Muna
Trog
Xom
The Shining One

Shops:
D:4 [   D:7 *


Innate Abilities, Weirdness & Mutations

((You are very nimble when in or above water. (Stealth+, EV+, Speed+++)))
Your lower body shifts to a powerful aquatic tail in water.


Message History

You reach to attack!
You closely miss the orc knight.
The orc warrior shouts!
The orc knight roars a battlecry!
The orc warrior goes into a battle-frenzy!
You reach to attack!
You slash the orc knight!
The orc knight is lightly wounded.
The orc knight hits you from afar with a +0 trident!!
You reach to attack!
You slice the orc knight!!
The orc knight is heavily wounded.
The orc knight hits you from afar with a +0 trident!
You reach to attack!
You closely miss the orc knight.
The orc knight is heavily wounded.
The orc knight hits you from afar with a +0 trident!
You start resting.
An orc knight is nearby!
A red film seems to cover your vision as you go berserk!
You feel yourself moving faster!
You feel mighty!
The orc knight hits you with a +0 trident!
You hit the orc knight but do no damage.
The orc knight is heavily wounded.
The orc knight hits you but does no damage.
You hit the orc knight but do no damage.
The orc knight is heavily wounded.
You completely miss the orc knight.
The orc knight is heavily wounded.
The orc knight hits you but does no damage.
You barely miss the orc knight.
The orc knight is heavily wounded.
The orc knight hits you with a +0 trident!
* * * LOW HITPOINT WARNING * * *
You hit the orc knight.
The orc knight is heavily wounded.
You hit the orc knight.
The orc knight is heavily wounded.
The orc knight hits you with a +0 trident!
* * * LOW HITPOINT WARNING * * *
You hit the orc knight but do no damage.
The orc knight is heavily wounded.
The orc knight hits you with a +0 trident!!
You die...

#########'###'#########.~.#
........##.....##.~.#
≈≈≈≈≈≈≈..##...##..~.#
≈.....≈≈o.##.##..~~.#
..⌠∩⌠......#'#..~~.∩# +#
...⌠...§≈o.#'#..~~.## .##
≈§....≈≈..'#.##..~).# $.#
§≈≈.≈≈≈..##o..##..~.# $$.#
........##@....##.~.#
#########'#############)~.#
.....## .. ##.......)..~.#
~~~~).## ##..~~)~~~)~~~.#
...~~..## ##..~~..........#
##..~~..###..~~..##########
##..~~.....~~..##
##..~~~~~~~..##
##.........##


You could see an orc knight.

Vanquished Creatures
  An orc knight (Bailey)
  Joseph (D:7)
  A hornet (D:7)
  A wraith (D:5)
  A steam dragon (D:8)
  Menkaure (D:7)
  Duvessa (D:7)
  2 orc warriors
  3 ice beasts
  A black bear (D:6)
  A sky beast (D:6)
  A centaur (D:8)
  3 phantoms
  A necrophage (D:6)
  2 kobold brigands
  2 bullfrogs (D:8)
  2 scorpions (D:8)
  14 wights
  Dowan (D:7)
  6 killer bees (D:7)
  A howler monkey (D:5)
  3 orc priests
  2 hounds (D:6)
  An orc wizard (D:3)
  An iguana (D:8)
  Terence (D:2)
  9 gnolls
  6 adders
  2 worms
  4 dart slugs
  26 orcs
  8 ball pythons
  7 endoplasms
  3 giant cockroaches
  12 goblins
  5 hobgoblins
  3 jackals (D:5)
  12 kobolds
  A quokka (D:2)
  5 bats
  3 frilled lizards
  5 rats
166 creatures vanquished.

Vanquished Creatures (others)
  A goblin (D:8)
  11 plants
12 creatures vanquished.

Grand Total: 178 creatures vanquished

Notes
Turn   | Place    | Note
-------+----------+-------------------------------------------
     0 | D:1      | nucleargodhead the Merfolk Berserker began the quest for
                  | the Orb.
     0 | D:1      | Reached XP level 1. HP: 18/18 MP: 1/1
   246 | D:1      | Reached XP level 2. HP: 24/24 MP: 2/2
  1095 | D:1      | Found a faded altar of an unknown god.
  1188 | D:2      | Noticed Terence
  1190 | D:2      | Reached XP level 3. HP: 30/30 MP: 3/3
  1193 | D:2      | Killed Terence
  1194 | D:2      | Reached skill level 5 in Polearms
  1467 | D:2      | Reached XP level 4. HP: 38/38 MP: 4/4
  1569 | D:2      | Reached ** piety under Trog
  2462 | D:3      | Found a glowing golden altar of the Shining One.
  2554 | D:3      | Reached skill level 5 in Fighting
  2554 | D:3      | Reached skill level 6 in Polearms
  2554 | D:3      | Reached XP level 5. HP: 32/44 MP: 5/5
  3103 | D:4      | Found Madojen's Armour Shoppe.
  3190 | D:4      | Reached XP level 6. HP: 37/51 MP: 6/6
  3301 | D:4      | Found a shimmering altar of Xom.
  3317 | D:4      | Reached skill level 7 in Polearms
  3380 | D:4      | Found an opulent altar of Gozag.
  3882 | D:5      | Entered Level 5 of the Dungeon
  3918 | D:5      | Noticed a wraith
  3928 | D:5      | Killed a wraith
  3929 | D:5      | Reached skill level 8 in Polearms
  3929 | D:5      | Reached XP level 7. HP: 55/59 MP: 7/7
  4156 | D:5      | Found a shimmering blue altar of Sif Muna.
  4521 | D:5      | Reached *** piety under Trog
  5021 | D:6      | Reached skill level 9 in Polearms
  5042 | D:6      | Reached XP level 8. HP: 37/67 MP: 8/8
  5195 | D:6      | Found a staircase to the Ecumenical Temple.
  5538 | D:6      | Reached skill level 10 in Polearms
  6195 | D:6      | Reached skill level 11 in Polearms
  6195 | D:6      | Reached XP level 9. HP: 76/76 MP: 9/9
  6425 | D:7      | Found Siskia Agiti's CLEARANCE SALE!.
  6432 | D:7      | Bought a scroll of fear for 16 gold pieces
  6493 | D:7      | Noticed a hornet
  6503 | D:7      | Paralysed by a hornet for 3 turns
  6512 | D:7      | Killed a hornet
  6799 | D:7      | Noticed Menkaure
  6812 | D:7      | Killed Menkaure
  6813 | D:7      | Reached skill level 10 in Fighting
  6874 | D:7      | Noticed Duvessa
  6874 | D:7      | Noticed Dowan
  6884 | D:7      | Killed Duvessa
  6886 | D:7      | Killed Dowan
  6887 | D:7      | Reached skill level 12 in Polearms
  7159 | D:7      | Noticed Joseph
  7178 | D:7      | Killed Joseph
  8044 | D:7      | Found a hazy altar of Hepliaklqana.
  8276 | D:8      | Found a bloodstained altar of Trog.
  8283 | D:8      | Reached skill level 13 in Polearms
  8293 | D:8      | Reached XP level 10. HP: 78/87 MP: 10/10
  8371 | D:8      | Found a flagged portal.
  8449 | Bailey   | Entered a bailey
  8683 | Bailey   | Noticed an orc knight
  8726 | Bailey   | Noticed an orc knight
  8753 | Bailey   | Killed an orc knight
  8754 | Bailey   | Reached skill level 14 in Polearms
  9031 | Bailey   | Mangled by an orc knight

Illustrated notes

Levels and vault maps discovered:
D:1:      noname_arrival_rooms_in_the_neighbourhood, layout_loops_ring,
          shapermc_ecumenical_altar_petra
D:2:      layout_basic, st_stairs_8, grunt_ministairs_3, minmay_small_reverse_x,
          uniq_terence
D:3:      layout_rooms, tso_metal_star, minmay_crystal_room,
          guppyfry_early_lair_pool
D:4:      layout_basic, minitemple, serial_shops, kennysheep_little_box,
          serial_corexii_hall, corexii_hall_statues_l, chequers_hall_statues_y,
          lexackson_kobold_supper
D:5:      layout_loops_cross, nicolae_sif_muna_little_library, nrook_mini_vaults
D:6:      layout_loops_ring, minmay_temple_entry_statues_fountains
D:7:      layout_basic, amcnicky_altar_gilded, nicolae_shop_clearance,
          uniq_menkaure, uniq_joseph, uniq_duvessa
D:8:      layout_basic, trog_butcher_becter, okawaru_altar_gauntlet_db,
          nicolae_dithmenos_through_a_glass_darkly, lair_entry_dummy,
          enter_bailey_5
Bailey:   bailey_polearm_1, bailey

Skill      XL: |  1  2  3  4  5  6  7  8  9 10 |
---------------+-------------------------------+-----
Fighting       | 4 5 6 7 9 11 | 11.9
Polearms       | 5 6 8 9 11 13 14 | 14.0
Armour         | |  1.3
Dodging        | |  2.6

Action                   |  1- 3 |  4- 6 |  7- 9 | 10-12 || total
-------------------------+-------+-------+-------+-------++-------
Melee: Spear             |    32 |       |       |       ||    32
       Punch             |     1 |       |       |       ||     1
       Trident           |    51 |   181 |   133 |       ||   365
       Halberd           |       |       |   170 |   107 ||   277
       Glaive            |       |       |       |    12 ||    12
       Tailslap          |       |       |       |     6 ||     6
Throw: Throwing net      |       |       |     2 |       ||     2
Invok: Berserk           |     1 |     3 |    10 |     3 ||    17
       Trog's Hand       |       |     1 |     2 |     1 ||     4
Evoke: Wand              |       |       |     1 |       ||     1
  Use: Scroll            |       |     2 |     3 |     2 ||     7
       Potion            |       |       |     2 |       ||     2
 Stab: Sleeping          |     5 |       |       |       ||     5
Armor: Animal skin       |     7 |    16 |       |       ||    23
       Chain mail        |       |    56 |   107 |    35 ||   198
Dodge: Dodged            |    22 |    83 |   112 |    41 ||   258

Table legend: (Time is in decaauts)
 A = Elapsed time spent in this place.
 B = Non-inter-level travel time spent in this place.
 C = Inter-level travel time spent in this place.
 D = Time resting spent in this place.
 E = Time spent auto-exploring this place.
 F = Levels seen in this place.
 G = Mean time per level.
                   A        B        C        D        E       F      G
               +--------+--------+--------+--------+--------+-----+--------+
         Total |   9124 |   8873 |    251 |   2943 |   4364 |   9 | 1013.8 |
       Dungeon |   8580 |   8329 |    251 |   2592 |   4307 |   8 | 1072.5 |
        Bailey |    544 |    544 |      0 |    351 |     57 |   1 |  544.0 |
               +--------+--------+--------+--------+--------+-----+--------+

Top non-repeatable levels by time:
     D:7: 1882 daAuts
     D:6: 1568 daAuts
     D:2: 1328 daAuts
     D:1: 1183 daAuts
     D:5: 970 daAuts
     D:4: 807 daAuts
     D:3: 585 daAuts
  Bailey: 544 daAuts
     D:8: 254 daAuts
